 Dungeon Crawl Stone Soup version 0.30-a0-728-gc68057be0a (webtiles) character file.

Game seed: 9786341412963687124

3005 Newt the Changer (level 9, -6/69 HPs)
             Began as a Demonspawn Gladiator on Jan 30, 2023.
             Was an Elder of Okawaru.
             Killed from afar by a rime drake (13 damage)
             ... with an icy flash freeze
             ... on level 9 of the Dungeon.
             The game lasted 00:08:05 (6095 turns).

Newt the Changer (Demonspawn Gladiator)             Turns: 6095, Time: 00:08:05

Health: -6/69      AC: 14    Str: 18    XL:     9   Next: 54%
Magic:  15/15      EV: 13    Int:  8    God:    Okawaru [****..]
Gold:   370        SH: 20    Dex: 19    Spells: 14/16 levels left

rFire   . . .      SeeInvis .    i - +2 short sword (flame)
rCold   . . .      Faith    .    s - +0 tower shield
rNeg    . . .      Spirit   .    x - +1 swamp dragon scales
rPois   +          Reflect  +    r - +1 helmet
rElec   .          Harm     .    (no cloak)
rCorr   .          Rampage  .    p - +1 pair of gloves
Will    .....      Rnd*Tele +    (no boots)
Stlth   ++                       y - amulet of reflection
HPRegen 0.31/turn                w - +5 ring of evasion
MPRegen 0.14/turn                z - ring of wizardry

@: attractive
A: spiny 1, sharp scales 2, weakness stinger 1, agile 1, teleportitis 1
a: Renounce Religion, Heroism, Finesse


You were on level 9 of the Dungeon.
You worshipped Okawaru.
Okawaru was greatly pleased with you.
You visited 1 branch of the dungeon, and saw 9 of its levels.

You collected 370 gold pieces.

Inventory:

Hand Weapons
 a - a +0 rapier
 i - a +2 short sword of flaming (weapon)
 j - a +2 antimagic short sword
 D - a +5 dagger
 M - a +3 flail
Missiles
 d - 4 throwing nets (quivered)
 e - a javelin
 o - 7 poisoned darts
 q - 5 silver javelins
 F - 4 atropa-tipped darts
Armour
 b - a +0 leather armour
 c - a +0 helmet
 f - a +0 chain mail
 p - a +1 pair of gloves (worn)
 r - a +1 helmet (worn)
 s - a +0 tower shield (worn)
 x - +1 swamp dragon scales (worn)
Jewellery
 n - a ring of positive energy
 w - a +5 ring of evasion (left hand)
 y - an amulet of reflection (around neck)
 z - a ring of wizardry (right hand)
Wands
 u - a wand of polymorph (6)
 H - a wand of paralysis (10)
 I - a wand of iceblast (3)
Scrolls
 v - 2 scrolls of magic mapping
Potions
 g - 5 potions of curing
 h - 2 potions of cancellation
 k - 2 potions of haste
 l - a potion of berserk rage
 m - 3 potions of lignification
 t - a potion of degeneration
 C - 2 potions of attraction


   Skills:
 - Level 6.0 Fighting
 - Level 2.6 Short Blades
 - Level 5.0 Throwing
 - Level 2.6 Dodging
 - Level 2.0 Stealth
 - Level 6.0 Shields
 + Level 4.3 Spellcasting
 - Level 6.0 Transmutations


You had 14 spell levels left.
You knew the following spells:

 Your Spells              Type           Power      Damage    Failure   Level
a - Wereblood             Tmut           11%        N/A       26%         2

Your spell library contained the following spells:

 Spells                   Type           Power      Damage    Failure   Level
 Beastly Appendage        Tmut           22%        N/A       17%         1
 Passwall                 Tmut/Erth      5%         N/A       63%         2
 Spider Form              Tmut/Pois      6%         N/A       85%         3
 Sandblast                Erth           2%         2d4       87%         1
 Cigotuvi's Dreadful Rot  Necr/Pois/Air  2%         N/A       95%         2
 Poisonous Vapours        Pois/Air       2%         N/A       95%         2
 Sublimation of Blood     Necr           1%         N/A       95%         2
 Mephitic Cloud           Conj/Pois/Air  1%         N/A       99%         3
 Stone Arrow              Conj/Erth      2%         3d7       99%         3
 Yara's Violent Unravell  Hex/Tmut       3%         3d4       100%        5
 Iron Shot                Conj/Erth      0%         9d1       100%        6
 Enfeeble                 Hex            0%         N/A       100%        7
 Chain Lightning          Conj/Air       0%         2d1       100%        9
 Fire Storm               Conj/Fire      0%         6d1       100%        9
 Shatter                  Erth           0%         3d5*      100%        9
 Summon Hydra             Summ           Unusable   N/A       N/A         7

Dungeon Overview and Level Annotations

Branches:
Dungeon (9/15)             Temple (0/1) D:6
   Lair: D:8-11         Orc: D:9-12

Altars:
Ashenzari
Gozag
Hepliaklqana
Okawaru
Xom
Yredelemnul

Annotations:
D:6 2 transporters


Innate Abilities, Weirdness & Mutations

You are partially covered in sharp spines.
You are mostly covered in razor-sharp scales. (AC +2, Slay +2)
You have a small tail.
You are agile. (Dex +4, Str/Int -1)
You are occasionally teleported next to monsters.


Message History

You hit the rime drake. You burn the rime drake.
Your tail-slap misses the rime drake.
The rime drake is heavily wounded.
You block the rime drake's attack. x2
You hit the rime drake but do no damage.
The rime drake is moderately wounded.
You block the rime drake's attack.
You hit the rime drake but do no damage.
The rime drake is moderately wounded.
The rime drake breathes ice at you. The icy flash freeze hits you!!
You are encased in ice.
The rime drake attacks as you move away!
You block the rime drake's attack.
The rime drake bites you but does no damage.
The rime drake attacks as you move away!
The rime drake bites you. You block the rime drake's attack.
The ice encasing you melts away. You block the rime drake's attack.
The rime drake breathes ice at you. The icy flash freeze hits you!!
* * * LOW HITPOINT WARNING * * *
You are encased in ice.
It was a potion of attraction.
You feel attractive to monsters. You block the rime drake's attack.
It was a potion of mutation.
You feel extremely strange.
You feel weirdly uncertain.
You feel agile. The ice encasing you melts away.
You block the rime drake's attack. The polar bear is attracted toward you.
It was a potion of magic.
Magic courses through your body. You block the rime drake's attack.
You block the polar bear's attack. The polar bear barely misses you.
You block the polar bear's attack.
Blink to where?
Press: ? - help, Dir - move target
As you read the scroll of blinking, it crumbles to dust.
The rime drake is attracted toward you. The rime drake breathes ice at you.
The icy flash freeze hits you!
You die...

#######....###..####
#.....#....#....# #.....# ..
#....# ........###. #.....+
#....# ...~......#.. ......#
#....# ............. #.....#
#....# .............
###...######...#######.....#...#.
~~#.§....#.....#.....#...........
§§#§§....#.....#@....#.......#.#.
§§§§§§...#.....#.....#.......$...
♣.§§§§...+................~....#.
§§§......#....####k####....#.....
.§#......#....##.....##.....#~...
~~#......#....#.......#......##..
###......#....#.......#......# ..
###########....._...h.#....# #
..#.......#.........


You could see a polar bear and a rime drake (catching breath).

Vanquished Creatures
  Maggie (D:8)
  A wraith (D:9)
  A steam dragon (D:8)
  A water moccasin (D:7)
  2 sky beasts
  2 wolves (D:9)
  3 ogres
  Blork the orc (D:5)
  A bullfrog (D:8)
  2 scorpions
  13 wights
  A howler monkey (D:6)
  4 hounds
  4 orc priests
  2 jellies
  Ijyb (D:3)
  Jessica (D:3)
  4 iguanas
  3 orc wizards (D:7)
  11 adders
  A shadow imp (D:7)
  A white imp (D:8)
  An ufetubus (D:5)
  A worm (D:4)
  5 dart slugs
  19 orcs
  11 endoplasms
  A giant cockroach (D:1)
  7 goblins
  4 hobgoblins
  6 jackals
  2 quokkas
  7 ball pythons
  6 bats
  A frilled lizard (D:1)
  9 kobolds
  9 rats
150 creatures vanquished.

Vanquished Creatures (others)
  An orc wizard (D:7)
1 creature vanquished.

Grand Total: 151 creatures vanquished

Notes
Turn   | Place    | Note
-------+----------+-------------------------------------------
     0 | D:1      | Newt the Demonspawn Gladiator began the quest for the Orb.
     0 | D:1      | Reached XP level 1. HP: 16/16 MP: 1/1
    65 | D:1      | Reached skill level 1 in Stealth
   175 | D:1      | Gained mutation: You are partially covered in razor-sharp
                  | scales. (AC +1, Slay +1) [demonic ancestry]
   175 | D:1      | Reached XP level 2. HP: 22/22 MP: 2/2
   805 | D:1      | Gained mutation: You are mostly covered in razor-sharp
                  | scales. (AC +2, Slay +2) [demonic ancestry]
   805 | D:1      | Reached XP level 3. HP: 28/28 MP: 3/3
  1661 | D:3      | Found an iron altar of Okawaru.
  1670 | D:3      | Became a worshipper of Warmaster Okawaru
  1734 | D:3      | Reached XP level 4. HP: 37/37 MP: 4/4
  1768 | D:3      | Found an opulent altar of Gozag.
  2087 | D:3      | Noticed Jessica
  2099 | D:3      | Noticed Ijyb
  2101 | D:3      | Killed Jessica
  2116 | D:3      | Killed Ijyb
  2117 | D:3      | Gained mutation: You are partially covered in sharp spines.
                  | [demonic ancestry]
  2117 | D:3      | Reached XP level 5. HP: 26/42 MP: 5/5
  2306 | D:3      | Found a basalt altar of Yredelemnul.
  2509 | D:4      | Identified the +5 whip of Turmoil {holy, MP+9}
  2579 | D:4      | Reached * piety under Okawaru
  2580 | D:4      | Reached XP level 6. HP: 48/48 MP: 6/6
  2636 | D:4      | Learned a level 2 spell: Wereblood
  2650 | D:4      | Found a shimmering altar of Xom.
  2857 | D:5      | Entered Level 5 of the Dungeon
  2861 | D:5      | Reached skill level 5 in Throwing
  3047 | D:5      | Noticed Blork the orc
  3063 | D:5      | Killed Blork the orc
  3064 | D:5      | Gained mutation: You have a small tail. [demonic ancestry]
  3064 | D:5      | Reached XP level 7. HP: 42/54 MP: 9/11
  3283 | D:5      | Reached skill level 1 in Transmutations
  3291 | D:5      | Reached ** piety under Okawaru
  3334 | D:5      | Got Lehudib's Meditations on Power
  3690 | D:6      | Found a transporter.
  3808 | D:6      | Found a staircase to the Ecumenical Temple.
  3855 | D:6      | Reached XP level 8. HP: 55/60 MP: 12/12
  3938 | D:6      | Reached skill level 5 in Transmutations
  3938 | D:6      | Found a transporter.
  4216 | D:6      | Identified the +4 sling of Zyllytt {antimagic, rPois rC-
                  | Str+6}
  4480 | D:7      | Reached *** piety under Okawaru
  4481 | D:7      | Reached skill level 5 in Fighting
  4685 | D:7      | Reached skill level 1 in Shields
  4968 | D:7      | Reached XP level 9. HP: 66/69 MP: 8/13
  5320 | D:7      | You fall into a shaft and drop 2 floors!
  5409 | D:9      | Found a broken altar of Ashenzari.
  5431 | D:8      | Reached **** piety under Okawaru
  5489 | D:8      | Noticed Maggie
  5514 | D:8      | Killed Maggie
  5515 | D:8      | Reached skill level 5 in Shields
  5709 | D:8      | Found a hazy altar of Hepliaklqana.
  5756 | D:8      | Noticed a two-headed ogre
  6071 | D:9      | Noticed a rime drake
  6077 | D:9      | Noticed a polar bear
  6092 | D:9      | Gained mutation: You are occasionally teleported next to
                  | monsters. [potion of mutation]
  6092 | D:9      | Gained mutation: You are agile. (Dex +4, Str/Int -1)
                  | [potion of mutation]
  6095 | D:9      | Killed from afar by a rime drake

Illustrated notes

Levels and vault maps discovered:
D:1:      minmay_arrival_checkered_box, layout_basic, roderic_lattice_a,
          serial_park_tiny_1
D:2:      layout_loops_ring, skrybe_limestone_x
D:3:      layout_loops_ring, nicolae_gozag_cash_rules_everything_around_me,
          okawaru_metal_pillars_3, marbit_many_paths,
          minmay_misc_feat_nine_boxes, uniq_jessica, uniq_ijyb
D:4:      layout_rooms, mainiacjoe_overflow_small_starburst
D:5:      layout_basic, uniq_blork_the_orc
D:6:      gammafunk_cloud_chamber, layout_loops_ring,
          minmay_temple_entry_purple_smoke, minivault_24
D:7:      layout_loops_ring, lemuel_coloured_pillars_altar
D:8:      kennysheep_ambush_hall, layout_layer_cave, general_overflow_altar,
          serial_co_window_serial, co_window_corner_a, co_window_corner_a,
          co_window_paths_a, co_window_paths_b, co_window_paths_a,
          co_window_2corner, co_window_corner_ca, co_window_corner_b,
          co_window_broadway_b, co_window_paths_c, eino_tiny_chamber,
          uniq_maggie
D:9:      layout_grid_maze, elyvilon_altar_4, old_standard_altar,
          hellmonk_lair_entry_icy, orc_0_dummy, serial_shops, shop,
          grunt_ogre_cave

Skill      XL: |  1  2  3  4  5  6  7  8  9 |
---------------+----------------------------+-----
Stealth        | 1 2 |  2.0
Fighting       | 3 4 6 |  6.0
Throwing       | 2 4 5 |  5.0
Spellcasting   | 2 3 4 |  4.3
Transmutations | 4 6 |  6.0
Shields        | 3 6 |  6.0
Short Blades   | |  2.6
Dodging        | |  2.6

Action                     |  1- 3 |  4- 6 |  7- 9 || total
---------------------------+-------+-------+-------++-------
  Melee: Rapier            |    42 |       |       ||    42
         Short sword       |    56 |   135 |   254 ||   445
         Punch             |     2 |       |       ||     2
         Tailslap          |       |       |    44 ||    44
  Throw: Boomerang         |       |       |     7 ||     7
         Throwing net      |       |       |     2 ||     2
         Dart              |       |       |     1 ||     1
   Cast: Wereblood         |       |       |     2 ||     2
  Evoke: Wand              |       |       |     3 ||     3
    Use: Scroll            |     6 |     6 |     6 ||    18
         Potion            |       |       |     3 ||     3
   Stab: Sleeping          |     6 |     6 |     4 ||    16
 Armour: Leather armour    |    38 |    30 |    28 ||    96
         Swamp dragon scal |       |       |    14 ||    14
  Dodge: Dodged            |    46 |    39 |    78 ||   163
  Block: Tower shield      |       |    92 |   236 ||   328
         Reflection        |       |     2 |     2 ||     4

Table legend: (Time is in decaauts)
 A = Elapsed time spent in this place.
 B = Non-inter-level travel time spent in this place.
 C = Inter-level travel time spent in this place.
 D = Time resting spent in this place.
 E = Time spent auto-exploring this place.
 F = Levels seen in this place.
 G = Mean time per level.
                   A        B        C        D        E       F      G
               +--------+--------+--------+--------+--------+-----+--------+
         Total |   6210 |   6065 |    145 |    199 |   4549 |   9 |  690.0 |
       Dungeon |   6210 |   6065 |    145 |    199 |   4549 |   9 |  690.0 |
               +--------+--------+--------+--------+--------+-----+--------+

Top non-repeatable levels by time:
     D:1: 1005 daAuts
     D:7: 963 daAuts
     D:5: 853 daAuts
     D:3: 835 daAuts
     D:6: 709 daAuts
     D:2: 573 daAuts
     D:4: 468 daAuts
     D:9: 419 daAuts
     D:8: 382 daAuts
